 Dungeon Crawl Stone Soup version 0.23.2-33-g5129a83 (webtiles) character file.

Game seed: 8979399888531620250

810 Fang the Skirmisher (level 7, -6/45 HPs)
             Began as a Gargoyle Berserker on July 9, 2019.
             Was a Priest of Trog.
             Mangled by an orc warrior
             ... wielding a +0 short sword
              (18 damage)
             ... on level 5 of the Dungeon on July 19, 2019.
             The game lasted 00:05:44 (4563 turns).

Fang the Skirmisher (Gargoyle Berserker)            Turns: 4563, Time: 00:05:44

Health: -6/45      AC:  9    Str: 27    XL:     7   Next: 92%
Magic:  7/7        EV: 14    Int:  7    God:    Trog [***...]
Gold:   189        SH:  0    Dex:  9    Spells: 6/6 levels left

rFire    . . .     SeeInvis .   a - +0 war axe
rCold    . . .     Gourm    .   (no shield)
rNeg     + . .     Faith    .   b - +0 animal skin
rPois    ∞         Spirit   .   v - +1 helmet
rElec    +         Reflect  .   (no cloak)
rCorr    .         Harm     .   (no gloves)
MR       ++...                  (no boots)
Stlth    +.........             (no amulet)
HPRegen  1.15/turn              j - +1 ring of evasion
MPRegen  0.10/turn              w - +4 ring of strength

@: berserk cooldown, regenerating
A: negative energy resistance 1, electricity resistance, unbreathing,
petrification resistance, rot immunity, AC +4
a: Berserk, Trog's Hand, Renounce Religion


You were on level 5 of the Dungeon.
You worshipped Trog.
Trog was most pleased with you.
You were not hungry.

You visited 2 branches of the dungeon, and saw 7 of its levels.

You collected 189 gold pieces.

Inventory:

Hand Weapons
 a - a +0 war axe (weapon)
Armour
 b - a +0 animal skin (worn)
 v - a +1 helmet (worn)
Jewellery
 j - a +1 ring of evasion (left hand)
 w - a +4 ring of strength (right hand)
 C - an uncursed amulet of guardian spirit {unknown}
Scrolls
 d - 3 scrolls of blinking {unknown}
 f - 7 scrolls of remove curse {unknown}
 h - 2 scrolls of enchant armour {unknown}
 k - 9 scrolls of identify {unknown}
 p - 4 scrolls of amnesia {unknown}
 r - 2 scrolls of magic mapping {unknown}
 t - a scroll of teleportation {unknown}
 u - 2 scrolls of immolation {unknown}
 y - a scroll of random uselessness {unknown}
 z - a scroll of noise {unknown}
 D - a scroll of fear {unknown}
Potions
 e - 4 potions of curing {unknown}
 g - 2 potions of berserk rage {unknown}
 i - 2 potions of degeneration {unknown}
 l - 2 potions of brilliance {unknown}
 m - 2 potions of might {unknown}
 n - 2 potions of mutation {unknown}
 o - a potion of invisibility {unknown}
 q - a potion of heal wounds {unknown}
 s - a potion of lignification {unknown}
 x - 2 potions of flight {unknown}
 A - a potion of cancellation {unknown}
Comestibles
 c - 8 rations


   Skills:
 + Level 5.7 Fighting
 + Level 4.7 Axes
 + Level 5.1 Armour
 + Level 3.8 Dodging


You had 6 spell levels left.
You didn't know any spells.
Your spell library was empty.

Dungeon Overview and Level Annotations

Branches:
Dungeon (6/15)             Temple (1/1) D:5

Altars:
Ashenzari
Cheibriados
Dithmenos
Fedhas
Makhleb
Okawaru
Ru
Sif Muna
Trog
Uskayaw
Zin


Innate Abilities, Weirdness & Mutations

You are resistant to torment.
Your stone body is resilient. (AC +4)
You are immune to poison.
You resist negative energy. (rN+)
You are resistant to electric shocks. (rElec)
You can survive without breathing.
You are immune to petrification.
You are immune to rotting.


Message History

The slave is moderately wounded.
You closely miss the orc warrior.
The orc warrior hits you with a +0 short sword!
* * * LOW HITPOINT WARNING * * *
The slave hits you.
* * * LOW HITPOINT WARNING * * *
The orc warrior barely misses you.
You closely miss the slave.
The slave is moderately wounded.
You closely miss the orc warrior. The slave hits you but does no damage.
The orc warrior barely misses you.
You hit the slave but do no damage.
The slave is moderately wounded.
You barely miss the orc warrior. The slave misses you.
The orc warrior barely misses you. The slave completely misses you.
You closely miss the slave.
The slave is moderately wounded.
You hit the orc warrior.
The orc warrior hits you with a +0 short sword!!
You die...

.##........# ##.######.#.#
.##........# #.######...#
.##........# #........###
.##........# #######'### #
.#####.###.# #.....# # .#####.#
#.# ###.⌠.⌠.### # .......# #.#
#.'..>..'.# # .#######
#.#######.#.⌠.⌠.#.# #
.#########.##..o@p.#.....#.# #
...........##.########÷###.######
.....................#..>..>.....
#######.#########.......#########
### #.# #[##.##.# ..# #.#
#.##.##.# #.#####.### #.##.##.#
...##.....# #.##.##.#
#.#.#.###.### #.##.##.#


You could see an orc warrior and a slave.

Vanquished Creatures
  2 ogres
  2 slaves (D:6)
  A phantom (D:3)
  A crimson imp (D:5)
  A bullfrog skeleton (D:6)
  An orc priest (D:6)
  A hound (D:4)
  2 iguanas (D:5)
  Terence (D:2)
  4 orc wizards
  2 worker ants
  Robin (D:3)
  7 adders
  An ooze (D:3)
  3 worms
  2 leopard geckos
  9 orcs
  8 bats
  4 giant cockroaches
  11 goblins
  11 hobgoblins
  14 jackals
  11 kobolds
  A quokka (D:3)
  3 frilled lizards (D:2)
  7 rats
111 creatures vanquished.

Notes
Turn   | Place    | Note
-------+----------+-------------------------------------------
     0 | D:1      | Fang the Gargoyle Berserker began the quest for the Orb.
     0 | D:1      | Reached XP level 1. HP: 14/14 MP: 1/1
    68 | D:1      | Reached XP level 2. HP: 17/19 MP: 2/2
   448 | D:1      | Reached XP level 3. HP: 23/23 MP: 3/3
   605 | D:1      | Reached ** piety under Trog
  1651 | D:2      | Noticed Terence
  1657 | D:2      | Reached XP level 4. HP: 28/29 MP: 4/4
  1664 | D:2      | Killed Terence
  1811 | D:3      | Found a glowing silver altar of Zin.
  1926 | D:3      | Found a burning altar of Makhleb.
  1926 | D:3      | Found a hide-covered altar of Uskayaw.
  2095 | D:3      | Noticed Robin
  2115 | D:3      | Killed Robin
  2115 | D:3      | Reached XP level 5. HP: 24/33 MP: 5/5
  2482 | D:3      | Reached *** piety under Trog
  2613 | D:3      | Noticed a phantom
  2821 | D:3      | Killed a phantom
  2821 | D:3      | Reached XP level 6. HP: 39/39 MP: 6/6
  2972 | D:3      | Found a faded altar of an unknown god.
  3243 | D:4      | Reached skill level 5 in Fighting
  3245 | D:4      | Found a deep blue altar of Sif Muna.
  3582 | D:4      | Reached XP level 7. HP: 43/44 MP: 7/7
  3635 | D:5      | Entered Level 5 of the Dungeon
  3788 | D:5      | Found a staircase to the Ecumenical Temple.
  3798 | Temple   | Entered the Ecumenical Temple
  4502 | D:6      | Found a shattered altar of Ashenzari.
  4502 | D:6      | Found a bloodstained altar of Trog.
  4504 | D:6      | Found a blossoming altar of Fedhas.
  4509 | D:6      | Found a shadowy altar of Dithmenos.
  4529 | D:6      | Reached skill level 5 in Armour
  4563 | D:5      | Mangled by an orc warrior

Skill      XL: |  1  2  3  4  5  6  7 |
---------------+----------------------+-----
Axes           | 3 4 |  4.7
Dodging        | 2 3 |  3.8
Fighting       | 4 5 |  5.7
Armour         | 3 4 5 |  5.1

Action                   |  1- 3 |  4- 6 |  7- 9 || total
-------------------------+-------+-------+-------++-------
Melee: Hand axe          |   144 |   167 |       ||   311
       War axe           |       |    11 |    79 ||    90
Invok: Berserk           |     2 |     4 |     2 ||     8
       Trog's Hand       |       |       |     2 ||     2
  Eat: Chunk             |     4 |     7 |     3 ||    14
       Ration            |       |     1 |     1 ||     2
Armor: Animal skin       |    57 |    58 |    43 ||   158
Dodge: Dodged            |   128 |   133 |    85 ||   346
